 Dungeon Crawl Stone Soup version 0.27.0-1-g7a089689b8 (webtiles) character file.

Game seed: 15776030919505380243

130 inmateoo the Chopper (level 4, -5/38 HPs)
             Began as a Minotaur Warper on Aug 13, 2021.
             Killed by divine providence
             ... invoked by an orc priest
              (10 damage)
             ... on level 4 of the Dungeon.
             The game lasted 00:01:57 (2895 turns).

inmateoo the Chopper (Minotaur Warper)              Turns: 2895, Time: 00:01:58

Health: -5/38      AC:  7    Str: 17    XL:     4   Next: 89%
Magic:  5/5        EV: 10    Int: 10    God:
Gold:   165        SH:  3    Dex:  9    Spells: 5/5 levels left

rFire    . . .     SeeInvis +   a - +1 hand axe
rCold    . . .     Faith    .   j - +0 buckler
rNeg     . . .     Spirit   .   e - +2 ring mail {Will+}
rPois    .         Reflect  .   (helmet restricted)
rElec    .         Harm     .   (no cloak)
rCorr    .         Rampage  .   (no gloves)
Will     +....                  (no boots)
Stlth    ..........             (no amulet)
HPRegen  0.12/turn              f - ring of see invisible
MPRegen  0.09/turn              (no ring)

@: no status effects
A: horns 2, retaliatory headbutt
a: no special abilities


You were on level 4 of the Dungeon.
You visited 1 branch of the dungeon, and saw 4 of its levels.

You collected 165 gold pieces.

Inventory:

Hand Weapons
 a - a +1 hand axe (weapon)
 g - a +0 war axe
Missiles
 d - 5 boomerangs of dispersal (quivered)
Armour
 e - a +2 ring mail of willpower (worn)
 j - a +0 buckler (worn)
Jewellery
 f - a ring of see invisible (left hand)
Wands
 k - a wand of polymorph (9)
Scrolls
 c - a scroll of blinking
 m - a scroll of summoning {unknown}
 n - a scroll of teleportation {unknown}
Potions
 b - 3 potions of curing
 h - a potion of invisibility {unknown}
 i - a potion of haste {unknown}
 l - a potion of might {unknown}


   Skills:
 + Level 3.5 Fighting
 * Level 4.2 Axes
 - Level 1.0 Throwing
 + Level 2.6 Armour
 + Level 3.2 Dodging
 + Level 0.3 Shields
 - Level 1.3 Spellcasting
 - Level 2.1 Translocations


You had 5 spell levels left.
You didn't know any spells.
Your spell library contained the following spells:

 Spells                   Type           Power      Damage    Failure   Level
 Blink                    Tloc           N/A        N/A       52%         2
 Gell's Gravitas          Tloc           2%         N/A       75%         3
 Lesser Beckoning         Tloc           2%         N/A       75%         3
 Teleport Other           Tloc           5%         N/A       75%         3
 Manifold Assault         Tloc           5%         N/A       100%        5
 Borgnjor's Revivificati  Necr           0%         N/A       100%        8
 Necromutation            Tmut/Necr      0%         N/A       100%        8
 Death's Door             Necr           0%         N/A       100%        9


Dungeon Overview and Level Annotations

Branches:
Dungeon (4/15)
 Temple: D:4-7

Altars:
Makhleb
Zin

Shops:
D:4 *


Innate Abilities, Weirdness & Mutations

You have a pair of horns on your head.
You reflexively headbutt those who attack you in melee.


Message History

You kill the ball python!
You see here a ball python corpse.
There is a stone staircase leading up here.
You start resting.
An orc priest is nearby!
You climb upwards.
There is a stone staircase leading down here.
You climb downwards.
The orc priest looks braver for a moment.
There is a stone staircase leading up here.
You climb upwards.
There is a stone staircase leading down here.
You start resting.
HP restored.
You climb downwards.
The orc priest calls down the wrath of Beogh upon you.
Pain shoots through your body!
There is a stone staircase leading up here.
You see here a ball python corpse.
You barely miss the orc priest. The orc priest misses you.
You hit the orc priest. Your headbutt misses the orc priest.
The orc priest is moderately wounded.
The orc priest barely misses you.
You hit the orc priest. You headbutt the orc priest.
The orc priest is almost dead.
The orc priest barely misses you.
You closely miss the orc priest.
The orc priest is almost dead.
The orc priest hits you but does no damage.
You closely miss the orc priest. Your headbutt misses the orc priest.
The orc priest is almost dead.
The orc priest hits you with a +0 falchion.
You closely miss the orc priest.
The orc priest is almost dead.
The orc priest mumbles some strange prayers to Beogh against you.
Beogh smites you!
* * * LOW HITPOINT WARNING * * *
The orc priest mumbles some strange prayers to Beogh against you.
Beogh smites you!
You die...

# ##. ....
#..#########
#..........#
#..........#
#..........#
#.....<@o..##..
###...####.#..[#.
##.....#...........
#........######.##[
.#.........# ..
###.....##.# ..
#⌠_..∩..##.## .
###.....#...#####..#
#........#......o..


You could see an orc priest.

Vanquished Creatures
  Robin (D:2)
  4 adders
  4 worms
  A dart slug (D:1)
  3 orcs (D:2)
  5 bats
  3 endoplasms
  2 giant cockroaches (D:2)
  13 goblins
  6 hobgoblins
  4 jackals (D:2)
  2 kobolds
  3 quokkas
  7 ball pythons
  2 frilled lizards (D:2)
60 creatures vanquished.

Notes
Turn   | Place    | Note
-------+----------+-------------------------------------------
     0 | D:1      | inmateoo the Minotaur Warper began the quest for the Orb.
     0 | D:1      | Reached XP level 1. HP: 18/18 MP: 1/1
   352 | D:1      | Reached XP level 2. HP: 22/25 MP: 3/3
   681 | D:1      | Reached skill level 3 in Axes
  1099 | D:2      | Reached XP level 3. HP: 28/30 MP: 4/4
  1135 | D:2      | Noticed Robin
  1409 | D:2      | Killed Robin
  1419 | D:2      | Reached XP level 4. HP: 34/38 MP: 5/5
  1555 | D:2      | Found a burning altar of Makhleb.
  1852 | D:2      | Reached skill level 4 in Axes
  1893 | D:2      | Found a faded altar of an unknown god.
  2804 | D:4      | Found a glowing silver altar of Zin.
  2805 | D:4      | Found Zin's Purification Station.
  2895 | D:4      | Killed from afar by an orc priest

Illustrated notes

Levels and vault maps discovered:
D:1:      scummos_arrival_gate, layout_basic
D:2:      layout_basic, basic_ecumenical_altar, basic_altar, uniq_robin
D:3:      layout_loops_corners, amcnicky_mini_rare_corridor_liquid
D:4:      layout_rooms, nicolae_dithmenos_the_darkroom,
          nicolae_overflow_hidden_temple, tso_metal_star, kennysheep_mini,
          zin_purify, mainiacjoe_overflow_surrounded_room, minmay_shop_damaged,
          chequers_serial_rivers_large_b, patterned_corridor

Skill      XL: |  1  2  3  4 |
---------------+-------------+-----
Axes           | 3 4 |  4.2
Armour         | 2 |  2.6
Fighting       | 3 |  3.5
Dodging        | 3 |  3.2
Throwing       | |  1.0
Shields        | |  0.3
Spellcasting   | |  1.3
Translocations | |  2.1

Action                   |  1- 3 |  4- 6 || total
-------------------------+-------+-------++-------
Melee: Hand axe          |   102 |    81 ||   183
       Headbutt          |    13 |    16 ||    29
  Use: Scroll            |       |     2 ||     2
Armor: Ring mail         |    40 |    25 ||    65
       Leather armour    |     2 |       ||     2
Dodge: Dodged            |    59 |    39 ||    98
Block: Buckler           |       |     4 ||     4
